 Dungeon Crawl Stone Soup version 0.31.0-1-g2c135a008e (webtiles) character file.

Game seed: 16950036987830150034

58 qw the Shooter (level 4, -2/33 HPs)
             Began as a Djinni Hunter on Jan 23, 2024.
             Killed by nerve-wracking pain
             ... invoked by an orc priest
              (11 damage)
             ... on level 3 of the Dungeon.
             The game lasted 00:00:03 (1050 turns).

qw the Shooter (Djinni Hunter)                      Turns: 1050, Time: 00:00:04

Health: -2/33      AC:  5    Str: 10    XL:     4   Next: 20%
Gold:   11         EV: 11    Int: 10    God:
                   SH:  0    Dex: 25

rFire   + + .        a - +0 shortbow
rCold   x . .        (shield currently unavailable)
rNeg    . . .        d - +0 ring mail
rPois   inf          (no helmet)
rElec   .            (no cloak)
rCorr   .            (no gloves)
SInv    .            (boots unavailable)
Will    .....        (no amulet)
Stlth   ++           f - +6 ring of dexterity
HPRegen 0.25/turn    (no ring)
MPRegen 0.00/turn

%: infuse magic (-3 HP)
@: flying
A: sickness immunity, fire resistance 2, cold vulnerability 1, float, innate
caster, HP casting, extra vitality 1
a: no special abilities


You were on level 3 of the Dungeon.
You visited 1 branch of the dungeon, and saw 3 of its levels.

You collected 35 gold pieces.
You spent 24 gold pieces at shops.


Innate Abilities, Weirdness & Mutations

You are immune to sickness and miasma.
You are immune to poison.
Your flesh is very heat resistant. (rF++)
You are vulnerable to cold. (rC-)
You float through the air rather than walking.
You learn spells naturally, not from books.
Your magical power is your life essence.
You have superior vitality. (+4 MHP)


   Skills:
 - Level 2.2 Fighting
 - Level 4.1 Ranged Weapons
 - Level 1.3 Armour
 + Level 2.3 Dodging
 - Level 0.7 Stealth


You knew the following spells:

 Your Spells              Type           Power      Damage    Failure   Level
a - Apportation           Tloc           0%         N/A       67%         1
Your spell library was empty.

Inventory:

Hand Weapons
 a - a +0 shortbow (weapon)
Armour
 d - a +0 ring mail (worn)
Jewellery
 f - a +6 ring of dexterity (left hand)
Scrolls
 c - a scroll of identify
Potions
 b - a potion of enlightenment

Dungeon Overview and Level Annotations

Branches:
Dungeon (3/15)

Altars:
Elyvilon

Shops:
D:2 ?


Message History

You shoot an arrow. The orc priest shouts!
The arrow hits the orc.
The orc is heavily wounded.
You shoot an arrow. The arrow barely misses the orc.
The arrow hits the orc priest but does no damage.
The orc priest looks encouraged for a moment.
You shoot an arrow. The arrow hits the orc!
You kill the orc!
You shoot an arrow.
The arrow hits the orc priest but does no damage.
You shoot an arrow.
The arrow closely misses the orc priest.
The orc priest closely misses you. The orc priest barely misses you.
You shoot an arrow.
The arrow hits the orc priest but does no damage.
The orc priest hits you with a +0 mace.
You shoot an arrow.
The arrow closely misses the orc priest.
The orc priest barely misses you. The orc priest hits you with a +0 mace.
The orc priest hits you with a +0 flail.
The orc priest closely misses you.
You shoot an arrow.
The arrow closely misses the orc priest.
The orc priest barely misses you.
The orc priest miscasts a cantrip.
You shoot an arrow. The arrow hits the orc priest.
The orc priest is lightly wounded.
The orc priest invokes the aid of Beogh against you.
Pain shoots through your body! The orc priest misses you.
You shoot an arrow. The arrow hits the orc priest.
The orc priest is lightly wounded.
The orc priest mumbles some strange prayers to Beogh against you.
Pain shoots through your body!
The orc priest begins to cast a cantrip, but forgets the words!
You shoot an arrow.
The arrow closely misses the orc priest.
The orc priest invokes the aid of Beogh against you.
Pain shoots through your body!
You die...

#####
#...#
#...#
#..<# #
#.o.#....
#@o...#
#.|).##
#.....#
#...#....
#...#..##
#......#
##......
.####


You could see 2 orc priests.

Vanquished Creatures
  3 adders
  2 ribbon worms (D:2)
  A dart slug (D:2)
  2 orcs (D:3)
  3 endoplasms
  2 giant cockroaches (D:2)
  3 hobgoblins
  2 quokkas (D:2)
  A ball python (D:1)
  A bat (D:2)
  2 kobolds
22 creatures vanquished.

Notes
Turn   | Place    | Note
-------+----------+-------------------------------------------
     0 | D:1      | qw the Djinni Hunter began the quest for the Orb.
     0 | D:1      | Reached XP level 1. HP: 18/18 MP: 0/0
     0 | D:1      | 0 ||| qw: Version: 0.3-a-134-g2ba4250
     0 | D:1      | 0 ||| qw: Game counter: 766
     0 | D:1      | 0 ||| qw: Melee chars always use a shield: true
     0 | D:1      | 0 ||| qw: God list: Okawaru
     0 | D:1      | 0 ||| qw: Allow faded altars: false
     0 | D:1      | 0 ||| qw: Do Orc after clearing Dungeon:15 true
     0 | D:1      | 0 ||| qw: Do second Lair branch before Depths: true
     0 | D:1      | 0 ||| qw: Lair rune preference: random
     0 | D:1      | 0 ||| qw: Goals: Normal
     0 | D:1      | 0 ||| PLANNING D:1-11
    75 | D:1      | Found a faded altar of an unknown god.
   150 | D:1      | You are sucked into a shaft and drop 1 floor!
   168 | D:2      | Reached XP level 2. HP: 11/23 MP: 0/0
   257 | D:2      | 257 ||| READING 2 scrolls labelled JARHALYEMY.
   258 | D:2      | 258 ||| DROPPING scroll of butterflies.
   270 | D:2      | 270 ||| FLEEEEING.
   271 | D:2      | 271 ||| STAIRDANCE
   320 | D:1      | 320 ||| READING scroll of identify.
   320 | D:1      | 320 ||| IDENTIFYING viscous black potion
   552 | D:2      | 552 ||| STAIRDANCE
   563 | D:1      | Reached skill level 4 in Ranged Weapons
   563 | D:1      | Reached XP level 3. HP: 24/28 MP: 0/0
   563 | D:1      | Learned a level 1 spell: Apportation
   578 | D:1      | 578 ||| UPGRADING to +0 ring mail.
   588 | D:1      | 588 ||| DROPPING +0 leather armour.
   645 | D:2      | Found a white marble altar of Elyvilon.
   717 | D:2      | Reached skill level 1 in Armour
   765 | D:2      | Found Jaeckuef's Magic Scroll Emporium.
   774 | D:2      | 774 ||| SHOPLISTING scroll of brand weapon (114 gold, have
                  | 35).
   774 | D:2      | 774 ||| BUYING scroll of identify (24 gold).
   774 | D:2      | Bought a scroll of identify for 24 gold pieces
   774 | D:2      | 774 ||| SHOPLISTING scroll of teleportation (36 gold, have
                  | 11).
   816 | D:2      | Reached XP level 4. HP: 33/33 MP: 0/0
  1002 | D:2      | 1002 ||| UPGRADING to +6 ring of dexterity.
  1003 | D:2      | 1003 ||| READING 2 scrolls of identify.
  1003 | D:2      | 1003 ||| IDENTIFYING viscous silvery potion
  1004 | D:2      | 1004 ||| DROPPING potion of brilliance.
  1050 | D:3      | Killed from afar by an orc priest

Levels and vault maps discovered:
D:1:      ncdulo_smallfort, layout_basic,
          hellmonk_ecumenical_altar_leap_of_faith, serial_glass,
          glass_columns_a, glass_columns_b, glass_columns_a, glass_columns_a,
          glass_columns_a, glass_columns_b, glass_columns_b, glass_columns_a,
          glass_columns_a, glass_columns_b, glass_columns_a, glass_columns_c,
          glass_columns_c, glass_columns_a, chequers_serial_rivers_micro_b
D:2:      layout_basic, serial_shops, shop, basic_altar
D:3:      layout_rooms, gammafunk_temple_overflow_statue, minmay_misc_feat_tiny

Skill      XL: |  1  2  3 |
---------------+----------+-----
Ranged Weapons | 4 |  4.1
Armour         | 1 |  1.3
Fighting       | |  2.2
Dodging        | |  2.3
Stealth        | |  0.7

Action                     |  1- 3 |  4- 6 || total
---------------------------+-------+-------++-------
   Fire: Shortbow          |    63 |    20 ||    83
    Use: Scroll            |     2 |     1 ||     3
 Armour: Leather armour    |    11 |       ||    11
         Ring mail         |    11 |     3 ||    14
  Dodge: Dodged            |    20 |     6 ||    26

Table legend:
 A = Non-vault XP
 B = Vault XP
 C = Vault XP percentage of total XP
 D = Non-vault monster count
 E = Vault monster count
 F = Vault count percentage of total count
                 A         B        C        D         E       F
            +---------+---------+-------+---------+---------+-------
      Total |      83 |       0 |   0.0 |      22 |       0 |   0.0
            +---------+---------+-------+---------+---------+-------
        D:1 |      22 |       0 |   0.0 |       6 |       0 |   0.0
        D:2 |      55 |       0 |   0.0 |      14 |       0 |   0.0
        D:3 |       6 |       0 |   0.0 |       2 |       0 |   0.0
            +---------+---------+-------+---------+---------+-------
